 Dungeon Crawl Stone Soup version 0.27-a0-650-g8dd3ea4f36 (webtiles) character file.

Game seed: 2016616826324980568

9 siradein the Sneak (level 2, 26/26 HPs)
             Began as a Gnoll Wanderer on Mar 15, 2021.
             Quit the game on level 1 of the Dungeon.
             The game lasted 00:01:41 (439 turns).

siradein the Sneak (Gnoll Wanderer)                  Turns: 439, Time: 00:01:42

Health: 26/26      AC:  2    Str: 12    XL:     2   Next: 16%
Magic:  2/2        EV: 11    Int: 12    God:
Gold:   17         SH:  0    Dex:  9    Spells: 1/1 levels left

rFire    . . .     SeeInvis .   a - +2 spear
rCold    . . .     Faith    .   (no shield)
rNeg     . . .     Spirit   .   d - +0 robe
rPois    .         Reflect  .   (no helmet)
rElec    .         Harm     .   (no cloak)
rCorr    .         Rampage  .   (no gloves)
Will     .....                  (no boots)
Stlth    +++.......             (no amulet)
HPRegen  0.08/turn              (no ring)
MPRegen  0.08/turn              (no ring)

@: no status effects
A: fangs 1, strong nose, distributed training
a: no special abilities


You were on level 1 of the Dungeon.
You visited 1 branch of the dungeon, and saw 1 of its levels.

You collected 17 gold pieces.

Inventory:

Hand Weapons
 a - a +2 spear (weapon)
 f - a +0 hunting sling
Missiles
 e - 20 sling bullets
Armour
 d - a +0 robe (worn)
Scrolls
 b - a scroll of teleportation
 c - a scroll of magic mapping {unknown}


   Skills:
 + Level 4.4 Fighting
 + Level 0.3 Short Blades
 + Level 0.3 Long Blades
 + Level 4.4 Axes
 + Level 0.3 Maces & Flails
 + Level 4.4 Polearms
 + Level 0.3 Staves
 + Level 0.3 Slings
 + Level 0.3 Bows
 + Level 0.3 Crossbows
 + Level 0.3 Throwing
 + Level 0.3 Armour
 + Level 0.3 Dodging
 + Level 5.9 Stealth
 + Level 0.3 Shields
 + Level 0.3 Unarmed Combat
 + Level 0.3 Spellcasting
 + Level 0.2 Conjurations
 + Level 0.2 Hexes
 + Level 0.2 Summonings
 + Level 0.2 Necromancy
 + Level 0.2 Translocations
 + Level 0.2 Transmutations
 + Level 0.2 Fire Magic
 + Level 0.2 Ice Magic
 + Level 0.2 Air Magic
 + Level 0.2 Earth Magic
 + Level 0.2 Poison Magic
 + Level 0.4 Invocations
 + Level 2.4 Evocations


You had one spell level left.
You didn't know any spells.
Your spell library was empty.

Dungeon Overview and Level Annotations

Branches:
Dungeon (1/15)

Altars:


Innate Abilities, Weirdness & Mutations

You have very sharp teeth.
Your uncanny sense of smell can sniff out nearby items.
Your experience applies equally to all skills.


Message History

The leopard gecko barely misses you.
You closely miss the leopard gecko.
The leopard gecko is almost dead.
The leopard gecko hisses menacingly.
The leopard gecko bites you.
You closely miss the rat. The leopard gecko closely misses you.
The rat bites you.
You hit the rat.
You kill the rat!
The leopard gecko barely misses you.
You hit the leopard gecko but do no damage.
Your bite misses the leopard gecko.
The leopard gecko is almost dead.
The leopard gecko bites you.
You hit the leopard gecko but do no damage.
The leopard gecko is almost dead.
The leopard gecko closely misses you.
You closely miss the leopard gecko. Your bite misses the leopard gecko.
The leopard gecko is almost dead.
The leopard gecko bites you.
You hit the leopard gecko.
You kill the leopard gecko!
You see here a leopard gecko corpse.
You see here 20 sling bullets.
e - 20 sling bullets You see here a leopard gecko corpse.
A goblin comes into view. It is wielding a +0 club.
Found a lumpy silvery potion.
Search for what [? for help]? hunting
There is a stone staircase leading down here.
There is an open door here.
You see here a ball python corpse.
Things that are here:
a jackal skeleton; a jackal skeleton You see here a +0 hunting sling.
f - a +0 hunting sling Saving game... please wait.
Welcome back, siradein the Gnoll Wanderer.
Press ? for a list of commands and other information.
Are you sure you want to abandon this character and quit the game? (Confirm with "yes".)

#######..# #.#
#........####.#
#...........#÷#
###...........#.#
#.............#.#
#.########..###.#
#÷# ##.###.# #.#
#.....# ###@###
#.....# ##≈...≈##
#.....#
##≈♣≈.≈♣≈##
#.....#
#≈♣⌠♣≈♣⌠♣≈#
##....#
##≈♣...♣≈##
#....# ##≈...≈##
#....# #≈...≈#
#....# #≈.<.≈#
#≈...≈#


There were no monsters in sight!

Vanquished Creatures
  A leopard gecko (D:1)
  A ball python (D:1)
  A bat (D:1)
  3 jackals (D:1)
  A rat (D:1)
7 creatures vanquished.

Vanquished Creatures (others)
  4 toadstools (D:1)
4 creatures vanquished.

Grand Total: 11 creatures vanquished

Notes
Turn   | Place    | Note
-------+----------+-------------------------------------------
     0 | D:1      | siradein the Gnoll Wanderer began the quest for the Orb.
     0 | D:1      | siradein set off with the following items: a +2 spear, a
                  | scroll of teleportation, a +0 hand axe, a +0 robe, a +0
                  | dagger
     0 | D:1      | Reached XP level 1. HP: 20/20 MP: 1/1
   207 | D:1      | Reached XP level 2. HP: 23/26 MP: 2/2
   439 | D:1      | Quit the game

Illustrated notes

Levels and vault maps discovered:
D:1:      ldierk_water_garden, layout_basic

Action                   || total
-------------------------++-------
Melee: Spear             ||    32
Armor: Robe              ||     8
Dodge: Dodged            ||    18

Table legend: (Time is in decaauts)
 A = Elapsed time spent in this place.
 B = Non-inter-level travel time spent in this place.
 C = Inter-level travel time spent in this place.
 D = Time resting spent in this place.
 E = Time spent auto-exploring this place.
 F = Levels seen in this place.
 G = Mean time per level.
                   A        B        C        D        E       F      G
               +--------+--------+--------+--------+--------+-----+--------+
         Total |    438 |    395 |     43 |    121 |    197 |   1 |  438.0 |
       Dungeon |    438 |    395 |     43 |    121 |    197 |   1 |  438.0 |
               +--------+--------+--------+--------+--------+-----+--------+

Top non-repeatable levels by time:
     D:1: 438 daAuts
